 Dungeon Crawl Stone Soup version 0.23.2-33-g5129a83184 (webtiles) character file.

Game seed: 13112127018170753590

95 ANON1729 the Skirmisher (level 4, 0/37 HPs)
             Began as a Demonspawn Monk on Aug 11, 2019.
             Slain by Blork the orc
             ... wielding a +2 war axe of flaming
              (2 damage)
             ... on level 4 of the Dungeon.
             The game lasted 00:06:12 (3015 turns).

ANON1729 the Skirmisher (Demonspawn Monk)           Turns: 3015, Time: 00:06:13

Health: 0/37       AC: 10    Str: 12    XL:     4   Next: 39%
Magic:  4/4        EV: 13    Int: 12    God:
Gold:   136        SH:  0    Dex: 15    Spells: 3/3 levels left

rFire    + . .     SeeInvis .   a - +0 spear
rCold    . . .     Gourm    .   (no shield)
rNeg     . . .     Faith    .   f - +2 leather armour {rF+}
rPois    .         Spirit   .   q - +2 helmet
rElec    .         Reflect  .   (no cloak)
rCorr    .         Harm     .   p - +0 pair of gloves
MR       .....                  g - +0 pair of boots (curse)
Stlth    ++........             (no amulet)
HPRegen  0.12/turn              (no ring)
MPRegen  0.09/turn              (no ring)

@: no status effects
A: powered by death 1
a: no special abilities


You were on level 4 of the Dungeon.
You were hungry.

You visited 1 branch of the dungeon, and saw 5 of its levels.

You collected 136 gold pieces.

Inventory:

Hand Weapons
 a - a +0 spear (weapon)
Armour
 b - a +0 robe
 f - a +2 leather armour of fire resistance (worn)
 g - a cursed +0 pair of boots (worn)
 p - a +0 pair of gloves (worn)
 q - a +2 helmet (worn)
Scrolls
 d - a scroll of enchant weapon {unknown}
 h - a scroll of blinking {unknown}
 i - 2 scrolls of enchant armour {unknown}
 j - 6 scrolls of remove curse {unknown}
 k - a scroll of noise {unknown}
 n - a scroll of fog {unknown}
 o - a scroll of fear {unknown}
 s - a scroll of identify {unknown}
 t - a scroll of amnesia {unknown}
Potions
 e - a potion of curing {unknown}
 l - a potion of invisibility {unknown}
 m - 2 potions of brilliance {unknown}
 r - 2 potions of degeneration {unknown}
 u - a potion of agility {unknown}
 v - a potion of lignification {unknown}
Comestibles
 c - 5 rations


   Skills:
 * Level 3.9 Fighting
 + Level 3.1 Polearms
 + Level 1.0 Armour
 + Level 3.2 Dodging
 + Level 2.4 Stealth


You had 3 spell levels left.
You didn't know any spells.
Your spell library was empty.

Dungeon Overview and Level Annotations

Branches:
Dungeon (5/15)
 Temple: D:4-7

Altars:

Annotations:
D:2 exclusion: ogre, Sigmund
D:4 Blork the orc


Innate Abilities, Weirdness & Mutations

You regenerate a little health from kills.


Message History

Blork the orc misses you.
You hit Blork the orc.
Blork the orc is severely wounded.
Blork the orc casts a spell.
Blork the orc flickers and vanishes!
Deactivating autopickup; reactivate with Ctrl-A.
No target in view!
No target in view!
No target in view!
No target in view!
You barely miss something. Something hits you! Something burns you.
Something hits you. Something burns you.
You closely miss something.
You hear some strange, mumbled words.
A magic dart appears from out of thin air!
The magic dart hits you but does no damage.
You barely miss something. Something hits you!
* * * LOW HITPOINT WARNING * * *
Something burns you.
You die...

### .. #.### .### ###...#
....# #.....## ### #..#
#.....####.###..#
#...@##.....#...###..
##..{##.o.............
#.......#<#..#..###...
#..#######..##รท..# .>
...#...#### #.####.####..
...........###.###...#....
.....#.....#.....#.....#..
......#....................
..........<......o.......##


There were no monsters in sight!

Vanquished Creatures
  3 adders (D:2)
  An ooze (D:3)
  2 dart slugs (D:1)
  4 orcs (D:3)
  3 giant cockroaches
  10 goblins
  6 hobgoblins
  2 jackals (D:2)
  2 quokkas
  A ball python (D:2)
  4 bats
  3 frilled lizards
  8 kobolds
  3 rats (D:1)
52 creatures vanquished.

Notes
Turn   | Place    | Note
-------+----------+-------------------------------------------
     0 | D:1      | ANON1729 the Demonspawn Monk began the quest for the Orb.
     0 | D:1      | Reached XP level 1. HP: 18/18 MP: 1/1
   143 | D:1      | Gained mutation: You regenerate a little health from kills.
                  | [demonic ancestry]
   143 | D:1      | Reached XP level 2. HP: 24/24 MP: 2/2
   690 | D:2      | Reached XP level 3. HP: 29/29 MP: 3/3
   731 | D:2      | Noticed Sigmund
  1048 | D:2      | Noticed an ogre
  1678 | D:3      | Reached XP level 4. HP: 32/37 MP: 4/4
  2636 | D:4      | Reached skill level 1 in Armour
  2657 | D:4      | You fall through a shaft!
  2657 | D:5      | Entered Level 5 of the Dungeon
  2658 | D:5      | Noticed an ice beast
  2669 | D:4      | Noticed Blork the orc
  3015 | D:4      | Slain by Blork the orc

Skill      XL: |  1  2  3  4 |
---------------+-------------+-----
Stealth        | 2 |  2.4
Polearms       | 3 |  3.1
Dodging        | 3 |  3.2
Armour         | 1 |  1.0
Fighting       | |  3.9

Action                   |  1- 3 |  4- 6 || total
-------------------------+-------+-------++-------
Melee: Spear             |   141 |   123 ||   264
 Stab: Sleeping          |     9 |     3 ||    12
       Distracted        |     1 |       ||     1
  Eat: Chunk             |     2 |     4 ||     6
Armor: Robe              |     6 |       ||     6
       Leather armour    |    22 |    29 ||    51
Dodge: Dodged            |    61 |    55 ||   116
